 Dungeon Crawl Stone Soup version 0.21-a0-633-g4c047d5 (webtiles) character file.

702 Spazmo the Magician (level 7, 0/36 HPs)
             Began as a Deep Elf Fire Elementalist on Dec 29, 2017.
             Was an Initiate of Vehumet.
             Killed from afar by MrBukkake's ghost (3 damage)
             ... with a magic dart
             ... on level 4 of the Dungeon.
             The game lasted 00:15:35 (3896 turns).

Spazmo the Magician (Deep Elf Fire Elementalist)    Turns: 3896, Time: 00:15:37

Health: 0/36       AC:  3    Str:  5    XL:     7   Next: 38%
Magic:  11/18      EV: 13    Int: 22    God:    Vehumet [......]
Gold:   207        SH:  0    Dex: 15    Spells: 4/19 levels left

rFire    + + .     SeeInvis .   g - +4 dagger
rCold    + . .     Gourm    .   (no shield)
rNeg     . . .     Faith    .   a - +1 robe
rPois    +         Spirit   .   (no helmet)
rElec    +         Reflect  .   (no cloak)
rCorr    +         Harm     .   (no gloves)
MR       .....                  (no boots)
Stlth    ++........             (no amulet)
HPRegen  0.12/turn              e - ring of protection from fire
MPRegen  0.16/turn              n - ring of resist corrosion

@: resistant
A: no striking features
a: Renounce Religion


You were on level 4 of the Dungeon.
You worshipped Vehumet.
Vehumet was noncommittal.
You were not hungry.

You visited 1 branch of the dungeon, and saw 5 of its levels.

You collected 207 gold pieces.

Inventory:

Hand Weapons
 g - a +4 dagger (weapon)
 p - a +0 blowgun
Missiles
 f - 70 stones (quivered)
 l - 20 poisoned needles
Armour
 a - a +1 robe (worn)
Jewellery
 e - a ring of protection from fire (left hand)
 i - an uncursed ring of protection from fire
 n - a ring of resist corrosion (right hand)
Scrolls
 o - 5 scrolls of identify
 v - a scroll of remove curse
 y - a scroll of fog
Potions
 h - a potion of cancellation
 k - 2 potions of curing
 r - a potion of magic {unknown}
 s - a potion of heal wounds {unknown}
 t - a potion of flight {unknown}
 u - a potion of haste {unknown}
Books
 b - a book of Flames

   Spells                             Type                      Level
   a - Flame Tongue                   Conjuration/Fire             1
   b - Throw Flame                    Conjuration/Fire             2
   c - Conjure Flame                  Conjuration/Fire             3
   d - Inner Flame                    Hexes/Fire                   3
   e - Sticky Flame                   Conjuration/Fire             4
   f - Fireball                       Conjuration/Fire             5
 w - a book of Air

   Spells                             Type                      Level
   a - Shock                          Conjuration/Air              1
   b - Swiftness                      Charms/Air                   2
   c - Static Discharge               Conjuration/Air              3
   d - Airstrike                      Air                          4
   e - Lightning Bolt                 Conjuration/Air              5
Comestibles
 c - 5 rations


   Skills:
 - Level 3.1 Dodging
 - Level 3.2 Stealth
 + Level 6.6 Spellcasting
 + Level 5.0 Conjurations
 + Level 5.8 Fire Magic


You had 4 spell levels left.
You knew the following spells:

 Your Spells              Type           Power        Failure   Level  Hunger
a - Flame Tongue          Conj/Fire      ####.        1%          1    None
b - Throw Flame           Conj/Fire      ####..       1%          2    None
c - Conjure Flame         Conj/Fire      ####....     2%          3    #......
d - Sticky Flame          Conj/Fire      ####....     9%          4    ###....
e - Fireball              Conj/Fire      ####......   26%         5    #####..


Dungeon Overview and Level Annotations

Branches:
Dungeon (5/15)
 Temple: D:4-7

Altars:
Ashenzari
Dithmenos
Fedhas
Uskayaw
Vehumet
Xom
Yredelemnul

Annotations:
D:4 MrBukkake's ghost, novice OpCj
D:5 Dowan


Message History

MrBukkake's ghost casts a spell at you. The magic dart hits you!
You climb downwards.
Level annotation: Dowan The phantom blinks!
The crimson imp barely misses you.
There is a stone staircase leading up here.
The crimson imp barely misses you.
You climb upwards.
Level annotation: MrBukkake's ghost, novice OpCj MrBukkake's ghost casts a spell at you.
The magic dart hits you!
* * * LOW HITPOINT WARNING * * *
There is a stone staircase leading down here.
It was a potion of resistance.
You feel protected. The crimson imp hits you.
* * * LOW HITPOINT WARNING * * *
MrBukkake's ghost casts a spell at you. The magic dart hits you!
You die...

#........# #.......#
#.....W..# #.......#
#........# #.......#
#........#####.......#
#........#...#.......#
#........#...#########
#######.##...###########
#.##...#......[.##
#############@5'...'........##
#.........[[..##...#........##
#.........)...##...#........##
#.............##...#........##
#.............''.<.#........##
#.............##...#.........#
#.............######.........#
#.............# #########.#
#.............# #......


You could see MrBukkake's ghost and a crimson imp.

Vanquished Creatures
  2 ogres
  A phantom (D:4)
  3 orc wizards
  A centaur skeleton (D:4)
  An orc priest (D:4)
  2 hounds
  2 worker ants (D:4)
  6 adders
  4 worms
  5 dart slugs
  3 leopard geckos
  13 orcs
  7 giant cockroaches
  12 goblins
  9 hobgoblins
  8 jackals (D:2)
  A quokka (D:3)
  2 ball pythons
  6 bats
  9 frilled lizards
  11 kobolds
  A leopard gecko skeleton (D:2)
  A quokka skeleton (D:4)
  5 rats
115 creatures vanquished.

Notes
Turn   | Place    | Note
-------+----------+-------------------------------------------
     0 | D:1      | Spazmo the Deep Elf Fire Elementalist began the quest for the Orb.
     0 | D:1      | Reached XP level 1. HP: 10/10 MP: 6/6
   230 | D:1      | Reached XP level 2. HP: 13/15 MP: 0/8
   416 | D:1      | Learned a level 2 spell: Throw Flame
   665 | D:1      | Reached XP level 3. HP: 19/19 MP: 6/9
   670 | D:1      | Learned a level 3 spell: Conjure Flame
  1176 | D:2      | Reached XP level 4. HP: 24/24 MP: 5/11
  1199 | D:2      | Learned a level 4 spell: Sticky Flame
  1633 | D:2      | Reached skill level 4 in Spellcasting
  2274 | D:3      | Found a blossoming altar of Fedhas.
  2327 | D:3      | Reached XP level 5. HP: 28/28 MP: 7/13
  2793 | D:4      | Reached skill level 5 in Spellcasting
  2840 | D:4      | Noticed MrBukkake's ghost (novice OpCj)
  2907 | D:4      | Noticed an ogre
  2912 | D:4      | Reached XP level 6. HP: 29/32 MP: 10/15
  2919 | D:4      | Learned a level 5 spell: Fireball
  2927 | D:4      | Reached skill level 5 in Fire Magic
  3413 | D:4      | Reached skill level 6 in Spellcasting
  3413 | D:4      | Reached XP level 7. HP: 36/36 MP: 10/18
  3546 | D:4      | Found a hide-covered altar of Uskayaw.
  3549 | D:4      | Found a shattered altar of Ashenzari.
  3549 | D:4      | Found a shadowy altar of Dithmenos.
  3549 | D:4      | Found a basalt altar of Yredelemnul.
  3551 | D:4      | Found a shimmering altar of Xom.
  3552 | D:4      | Found a radiant altar of Vehumet.
  3560 | D:4      | Became a worshipper of Vehumet
  3865 | D:5      | Entered Level 5 of the Dungeon
  3870 | D:5      | Noticed Dowan
  3883 | D:5      | Reached skill level 5 in Conjurations
  3896 | D:4      | Killed from afar by MrBukkake's ghost

Vault maps used:
D:1:      matt_arrival_diagonals
D:3:      nicolae_overflow_hidden_temple, first_ration
D:4:      grunt_temple_overflow_open
D:5:      cheibriados_altar_1, temple_hall, okawaru_altar_gauntlet_db,
          uniq_duvessa, uniq_edmund

Skill      XL: |  1  2  3  4  5  6  7 |
---------------+----------------------+-----
Stealth        | 3 |  3.2
Dodging        | 3 |  3.1
Conjurations   | 2 3 4 5 |  5.0
Spellcasting   | 4 5 6 |  6.6
Fire Magic     | 4 5 |  5.8

Action                   |  1- 3 |  4- 6 |  7- 9 || total
-------------------------+-------+-------+-------++-------
Melee: Dagger            |     2 |     3 |       ||     5
       Mace              |       |     2 |       ||     2
Throw: Stone             |     2 |     6 |       ||     8
 Cast: Flame Tongue      |    73 |   127 |    17 ||   217
       Throw Flame       |       |     6 |     4 ||    10
       Sticky Flame      |       |     4 |     1 ||     5
  Use: Scroll            |     1 |     4 |     3 ||     8
       Potion            |       |     1 |     1 ||     2
  Eat: Chunk             |     1 |     7 |     2 ||    10
Armor: Robe              |     5 |     2 |       ||     7
Dodge: Dodged            |     8 |    23 |     2 ||    33

Table legend:
 A = Spawn XP
 B = Non-spawn XP
 C = Spawn XP percentage of total XP
 D = Spawn monster count
 E = Non-spawn monster count
 F = Spawn count percentage of total count
 G = Total turns spent on level
                    A         B        C        D         E        F      G
               +---------+---------+-------+---------+---------+-------+---------
         Total |       0 |    1003 |   0.0 |       0 |     115 |   0.0 |  3896
               +---------+---------+-------+---------+---------+-------+---------
           D:1 |       0 |      41 |   0.0 |       0 |      24 |   0.0 |   822
           D:2 |       0 |      87 |   0.0 |       0 |      34 |   0.0 |   976
           D:3 |       0 |     163 |   0.0 |       0 |      29 |   0.0 |   865
           D:4 |       0 |     590 |   0.0 |       0 |      27 |   0.0 |  1211
           D:5 |       0 |     122 |   0.0 |       0 |       1 |   0.0 |    22
               +---------+---------+-------+---------+---------+-------+---------
